Unix xNetHack Version 7.1.0 - last build Jun 10 2022 16:52:22 (33bbff3b7d1ce07880d5c4b1c5efc7e91935e5b9). Game began 2022-07-01 19:29:34, ended 2022-07-01 20:00:37. nmlkj, chaotic male human Wizard -------- ------ |<|>...---....| |.|-..........| |@||..``|.....| |.||....|.....| |.|------.----| |.| |......| |.------......| |.......)..[..| |[.-----.....[| ---- -------- Nmlkj the Thaumaturge St:6 Dx:14 Co:16 In:18 Wi:10 Ch:12 Chaotic S:3640 Dlvl:6 $:32 HP:0(62) Pw:57(57) AC:9 Xp:7/827 T:3642 FoodPois Stressed Latest messages: With great effort you move the boulder. The boulder fills a pit. There is a staircase up here. There are several objects here. You start digging. This wall is too hard to dig into. You continue digging. This wall is too hard to dig into. You continue digging. This wall is too hard to dig into. You continue digging. This wall is too hard to dig into. You continue digging. This wall is too hard to dig into. You continue digging. This wall is too hard to dig into. You drop an uncursed hooded cloak {10}. In what direction? l The spell hits the raven! The raven pecks! The raven blinds you! The raven pecks! In what direction? l The spell misses the raven. The raven pecks! The raven pecks! In what direction? l The spell hits the raven! You kill the raven! You can see again. There is a staircase up here. There are several objects here. There is a Green-elf corpse here; eat it? [ynq] (n) y Ulch - that meat was tainted! You feel deathly sick. (It must have died too long ago to be safe to eat.) You have a little trouble lifting a runed broadsword. Continue? [ynq] (q) y m - a runed broadsword {70}. n - an elven helm {3}. o - a blue and green shield {40}. t - an elven ring mail {200}. You rebalance your load. Movement is difficult. You start digging downward. The stairs are too hard to dig in. You continue digging downward. Your sickness feels worse. The stairs are too hard to dig in. Your sickness is severe. You are at Death's door. You die from your illness. Major events: Turn 1: nmlkj the chaotic male human Wizard entered the dungeon 230: entered the Gnomish Mines 276: attained the rank of Conjurer (level 3) 1009: attained the rank of Thaumaturge (level 6) 1106: reached Mine Town 2985: entered Sokoban 3579: completed sokoban 1 3642: poisoned by a rotted Green-elf corpse Inventory: Inventory: 1195/600 weight (50/52 slots) Coins $ - 32 gold pieces {1} Weapons A - a blessed +0 silver dart {1} q - a +0 dart {1} s - 3 +1 daggers {30} r - 3 +0 daggers {30} m - a cursed -2 elven broadsword {70} a - a blessed +1 quarterstaff {40} Armor n - an uncursed +1 elven helm {3} v - an uncursed +0 pair of dwarvish boots {50} o - an uncursed +0 elven shield {40} b - an uncursed +0 cloak of magic resistance (being worn) {8} t - an uncursed +0 elven ring mail {200} Comestibles X - an uncursed maple sugar candy {5} z - 4 uncursed food rations {80} W - an uncursed tripe ration {10} J - an uncursed tin of broiled floating eye meat {10} S - an uncursed tin of french fried hobgoblin meat {10} Scrolls Y - 2 uncursed scrolls of earth {10} R - an uncursed scroll of enchant weapon {5} k - an uncursed scroll of fire {5} p - an uncursed scroll of identify {5} P - a cursed scroll of identify {5} O - 2 blessed scrolls of light {10} Z - an uncursed scroll of teleportation {5} Spellbooks M - an uncursed spellbook of clairvoyance {40} L - an uncursed spellbook of fireball {50} c - a blessed spellbook of force bolt {35} U - an uncursed spellbook of knock {35} e - an uncursed spellbook of light {35} d - a blessed spellbook of magic missile {40} K - an uncursed spellbook of sleep {45} f - an uncursed spellbook of wizard lock {40} Potions h - an uncursed potion of blindness {20} j - an uncursed potion of enlightenment {20} N - an uncursed potion of extra healing {20} G - an uncursed potion of oil {20} Rings F - an uncursed ring of fire resistance {3} V - a cursed ring of polymorph {3} I - an uncursed ring of searching {3} Wands Q - a wand of cancellation (0:7) {7} l - a wand of speed monster (0:3) {7} T - a wand of striking (0:7) {7} g - a wand of teleportation (0:4) {7} Tools y - an uncursed leash {12} E - a +0 pick-axe (weapon in hand) {100} w - an uncursed wax candle {2} Gems/Stones C - an uncursed agate stone {1} i - an uncursed emerald {1} B - 2 uncursed worthless pieces of green glass {2} x - 3 uncursed worthless pieces of white glass {3} D - 2 uncursed flint stones {4} Nmlkj the Wizard's attributes: Background: You were a Thaumaturge, a level 7 male human Wizard. You were chaotic, on a mission for Anhur who was opposed by Ptah (lawful) and Thoth (neutral). You were heterosexual. You were in Sokoban, on level 6. You entered the dungeon 3642 turns ago. There was a new moon in effect when your adventure ended. You had 827 experience points, 453 more were needed to attain level 8. Your score was 3640 before end-of-game adjustments. Basics: You had 0 out of 62 hit points. You had all 57 energy points (spell power). Your armor class was 9. Your wallet contained 32 zorkmids. Autopickup was on for '$"?+!=/' plus thrown. Final Characteristics: Your strength was 6 (peak:10, limit:18/100). Your dexterity was 14 (limit:18). Your constitution was 16 (limit:18). Your intelligence was 18 (limit:18). Your wisdom was 10 (limit:18). Your charisma was 12 (limit:18). Final Status: You died from food poisoning. You were not hungry. You were stressed; movement was moderately slowed. You were wielding a pick-axe. You had no skill with pick-axe. Final Attributes: You were fervently aligned. You were magic-protected. You were telepathic. You were warded. You are dead. Miscellaneous: You never encountered a bones level. Total elapsed playing time was 31 minutes and 3 seconds. Vanquished creatures: a tengu a Green-elf a raven a human zombie a bugbear a rock piercer a rock mole a pony 3 gnome leaders 2 gnomish wizards a gray ooze a little dog 2 floating eyes 10 dwarves a rabid rat a giant bat 2 iguanas a killer bee 5 hobbits a manes a large kobold a hobgoblin a cave spider a brown mold a red mold 28 gnomes 7 garter snakes 2 geckos 3 jackals a fox 2 kobolds 4 goblins a grid bug a bat 3 lichens a kobold zombie 7 newts 103 creatures vanquished. No species were genocided or became extinct. Voluntary challenges: You were illiterate. You never genocided any monsters. You never polymorphed an object. You never changed form. You never touched an artifact. You used no wishes. You never owned a pet. You never scared an enemy with impunity. You were celibate. You never generated conflict. You did not violate any of the special Sokoban rules. Achievements: You entered the Gnomish Mines. You attained the rank of Conjurer. You attained the rank of Thaumaturge. You entered Minetown. You entered a temple. You entered a shop. You entered Sokoban. The Dungeons of Doom: levels 1 to 7 Level 1: A tree. Level 2: Many fountains. Stairs down to The Gnomish Mines. Level 3: Level 4: Some fountains. Level 5: A grave. Level 6: Many fountains. Oracle of Delphi. Level 7: A fountain. Stairs up to Sokoban, level 6. The Gnomish Mines: levels 3 to 6 Level 3: Level 4: Level 5: Level 6: Many shops, a temple, some fountains. Sokoban: Level 6: <- You were here. Solved. Final resting place for you, poisoned by a rotted Green-elf corpse. Game over: __________ / \ / REST \ / IN \ / PEACE \ / \ | nmlkj | | 32 Au | | poisoned by a | | rotted Green-elf | | corpse | | | | 2022 | *| * * * | * _________)/\\_//(\/(/\)/\//\/|_)_______ Goodbye nmlkj the Wizard... You were poisoned in Sokoban on dungeon level 6 with 3637 points, and 32 pieces of gold, after 3642 moves. You were level 7 with a maximum of 62 hit points when you were poisoned.